 Dungeon Crawl Stone Soup version 0.17.0-25-gefc9c12 (console) character file.

166 gw the Pannier (level 5, -3/41 HPs)
             Began as a Human Artificer on Nov 18, 2015.
             Was an Initiate of Nemelex Xobeh.
             Slain by an orc
             ... wielding a +0 trident
              (4 damage)
             ... on level 3 of the Dungeon.
             The game lasted 00:02:08 (3484 turns).

gw the Pannier (Human Artificer)                    Turns: 3484, Time: 00:02:08

Health: -3/41      AC:  5    Str: 11    XL:     5   Next: 76%
Magic:  7/7        EV: 11    Int: 12    God:    Nemelex Xobeh [......]
Gold:   107        SH:  0    Dex: 15    Spells: 0 memorised, 4 levels left

rFire  . . .     SeeInvis .     a - +2 rapier (flame)
rCold  . . .     Clarity  .     o - +0 ring mail
rNeg   . . .     SustAt   .     (no shield)
rPois  .         Gourm    .     (no helmet)
rElec  .         Spirit   .     (no cloak)
rCorr  .         Warding  .     (no gloves)
rMut   .         Stasis   .     (no boots)
MR     .....                    (no amulet)
Stlth  +.........               (no ring)
                                (no ring)

@: not resistant to hostile enchantments, very unstealthy
A: no striking features
a: Renounce Religion


You were on level 3 of the Dungeon.
You worshipped Nemelex Xobeh.
Nemelex Xobeh was noncommittal.
You were not hungry.

You visited 1 branch of the dungeon, and saw 3 of its levels.

You collected 107 gold pieces.

Inventory:

Hand Weapons
 a - a +2 rapier of flaming (weapon)
Missiles
 h - 38 bolts
 i - 16 arrows
 p - 10 bolts of frost
Armour
 o - a +0 ring mail (worn)
Wands
 c - a wand of flame (15)
 d - a wand of enslavement (10)
 e - a wand of random effects (10)
Scrolls
 j - 2 scrolls of noise
 k - a scroll of fear
 l - a scroll of remove curse
Comestibles
 b - 2 chunks of flesh
 f - 2 bread rations
 m - a meat ration


   Skills:
 + Level 3.2 Fighting
 * Level 2.7 Short Blades
 + Level 2.2 Armour
 - Level 2.0 Dodging
 - Level 1.0 Stealth
 * Level 3.3 Evocations


You had 4 spell levels left.
You didn't know any spells.

Dungeon Overview and Level Annotations

Branches:
Dungeon (3/15)

Altars:
Gozag
Nemelex Xobeh
Sif Muna


Message History

The orc hits you but does no damage.
ATTACK MOVE TO (1,1)
You barely miss the orc. The orc misses you. The orc barely misses you.
ATTACK MOVE TO (1,1)
You puncture the orc! You burn the orc.
You kill the orc!
The orc misses you. The adder misses you.
ATTACK MOVE TO (1,1)
You hit the adder. You burn the adder.
The adder is heavily wounded.
The orc hits you from afar with a trident.
The adder bites you.
ATTACK MOVE TO (1,1)
You hit the adder. You burn the adder.
You kill the adder!
The orc misses you.
ATTACK MOVE TO (1,0)
The orc hits you with a trident.
You die...
Your body disappears without a glow.

......#)....._......
##### #..#.......#..
#.###.....###.# #.#
##...## .# #.# ##.##
#.# #..# #.# #.##
#.#.##.######.#
#...)po...$.#
#..###....... #..
.###### #. .# #. ..
# .# .. ##


You could see an orc.

Table legend:
 A = Turns spent in this place as a percentage of turns spent in the entire game.
 B = Non-inter-level travel turns spent in this place as a percentage of non-inter-level travel turns spent in the entire game.
 C = Inter-level travel turns spent in this place as a percentage of turns spent in this place.
 D = Turns resting spent in this place as a percentage of non-inter-level travel turns spent in this place.
 E = Turns spent auto-exploring this place as a percentage of non-inter-level travel turns spent in this place.
 F = Non-inter-level travel turns spent in this place divided by the number of levels of this place that you've seen.
                   A       B       C       D       E      F
               +-------+-------+-------+-------+-------+----------------------
         Total | 100.0 | 100.0 |   0.6 |   1.6 |   2.2 | 1324.7
       Dungeon | 100.0 | 100.0 |   0.6 |   1.6 |   2.2 | 1324.7
               +-------+-------+-------+-------+-------+----------------------

Table legend:
 A = Kills in this place as a percentage of kills in entire the game.
 B = Kills by you in this place as a percentage of kills by you in the entire game.
 C = Kills by friends in this place as a percentage of kills by friends in the entire game.
 D = Other kills in this place as a percentage of other kills in the entire game.
 E = Experience gained in this place as a percentage of experience gained in the entire game.
 F = Experience gained in this place divided by the number of levels of this place that you have seen.
                   A       B       C       D       E      F
               +-------+-------+-------+-------+-------+----------------------
         Total | 100.0 | 100.0 |  -nan |  -nan | 100.0 |  79.3
       Dungeon | 100.0 | 100.0 |  -nan |  -nan | 100.0 |  79.3
               +-------+-------+-------+-------+-------+----------------------

Vanquished Creatures
  An orc priest (D:3)
  6 adders
  A gnoll (D:1)
  A giant eyeball (D:3)
  2 oozes (D:2)
  3 giant geckos
  2 orcs (D:3)
  3 giant cockroaches
  3 hobgoblins
  7 kobolds
  2 quokkas (D:2)
  A ball python (D:2)
  4 bats
  5 giant newts
  11 goblins
  6 rats
58 creatures vanquished.

Notes
Turn   | Place    | Note
--------------------------------------------------------------
     0 | D:1      | gw the Human Artificer began the quest for the Orb.
     0 | D:1      | Reached XP level 1. HP: 15/15 MP: 3/3
   119 | D:1      | Reached skill level 1 in Armour
   119 | D:1      | Reached XP level 2. HP: 16/21 MP: 4/4
  1155 | D:1      | Reached XP level 3. HP: 25/27 MP: 5/5
  1805 | D:2      | Found a faded altar to an unknown god.
  1818 | D:2      | Reached XP level 4. HP: 15/34 MP: 6/6
  2498 | D:2      | Found a deep blue altar of Sif Muna.
  2710 | D:2      | Reached XP level 5. HP: 22/41 MP: 7/7
  3218 | D:2      | Found a sparkling altar of Nemelex Xobeh.
  3224 | D:2      | Became a worshipper of Nemelex Xobeh the Trickster
  3251 | D:2      | Received a gift from Nemelex Xobeh
  3424 | D:3      | Found an opulent altar of Gozag.
  3482 | D:3      | HP: 1/41 [adder (2)]
  3484 | D:3      | Slain by an orc

Action                   |  1- 3 |  4- 6 || total
-------------------------+-------+-------++-------
Melee: Short sword       |   141 |    43 ||   184
       Rapier            |       |    63 ||    63
Evoke: Wand              |     7 |     3 ||    10
       Deck              |       |     5 ||     5
  Use: Scroll            |     5 |     1 ||     6
       Potion            |     2 |     4 ||     6
 Stab: Sleeping          |     1 |       ||     1
  Eat: Chunk             |     3 |     6 ||     9

Vault maps used:
D:1:      evilmike_arrival_plus
D:2:      lemuel_crystal_altar, overflow_temple_1_default, ecumenical_altar_1
D:3:      nicolae_overflow_crystal_walls, lemuel_round_altar,
          serial_bayou_lake_a
